 Dungeon Crawl Stone Soup version 0.19-a0-291-ga637243 (webtiles) character file.

2886 namelastname112 the Sneak (level 10, -4/65 HPs)
             Began as a Halfling Assassin on May 27, 2016.
             Was a Believer of Ukayaw.
             Slain by a gnoll sergeant
             ... wielding a +2 trident of flaming
              (6 damage)
             ... on level 8 of the Dungeon.
             The game lasted 00:13:21 (8575 turns).

namelastname112 the Sneak (Halfling Assassin)       Turns: 8575, Time: 00:13:22

Health: -4/65      AC: 10    Str: 11    XL:     10   Next: 5%
Magic:  13/13      EV: 18    Int: 10    God:    Ukayaw [**....]
Gold:   479        SH:  0    Dex: 20    Spells: 0 memorised, 9 levels left

rFire  . . .     SeeInvis .     F - +3 short sword
rCold  . . .     Gourm    .     w - +0 leather armour
rNeg   . . .     Faith    .     (shield restricted)
rPois  .         Spirit   .     (no helmet)
rElec  .         Dismiss  .     d - +0 cloak
rCorr  .         Reflect  .     k - +0 pair of gloves
SustAt .         Harm     .     (no boots)
MR     .....                    (no amulet)
Stlth  +++++.....               q - ring of stealth
                                v - +4 ring of protection

@: drained, not resistant to hostile enchantments, quite stealthy
A: mutation resistance 1
a: Stomp, Line Pass, Renounce Religion


You were on level 8 of the Dungeon.
You worshipped Ukayaw.
Ukayaw was pleased with you.
You were very hungry.

You visited 2 branches of the dungeon, and saw 9 of its levels.

You collected 479 gold pieces.

Inventory:

Hand Weapons
 b - a +0 blowgun
 F - a +3 short sword (weapon)
Missiles
 e - 6 poisoned needles
 f - 2 curare-tipped needles
 z - 2 needles of paralysis
Armour
 d - a +0 cloak (worn)
 k - a +0 pair of gloves (worn)
 w - a +0 leather armour (worn)
Jewellery
 q - a ring of stealth (right hand)
 v - a +4 ring of protection (left hand)
 B - an uncursed ring of wizardry
Wands
 D - a wand of slowing (20/48)
Scrolls
 a - a scroll of enchant weapon {unknown}
 h - 3 scrolls of teleportation
 i - 4 scrolls of identify
 l - 3 scrolls of blinking
 m - a scroll of fear {unknown}
 n - 7 scrolls of remove curse
 t - a scroll of magic mapping {unknown}
 x - 2 scrolls of recharging {unknown}
 y - a scroll of immolation {unknown}
 E - a scroll of amnesia {unknown}
Potions
 c - a potion of ambrosia {unknown}
 j - 2 potions of might
 p - 3 potions of flight
 r - 2 potions of degeneration {unknown}
 A - 2 potions of mutation {unknown}
Comestibles
 g - 4 bread rations
 s - 4 meat rations
 u - 5 fruits
 G - 2 beef jerkies


   Skills:
 + Level 4.7(4.5) Fighting
 + Level 7.2(6.9) Short Blades
 + Level 5.9(5.7) Throwing
 + Level 5.4(5.2) Armour
 + Level 5.7(5.5) Dodging
 + Level 7.5(7.2) Stealth
 * Level 4.2(3.9) Invocations


You had 9 spell levels left.
You didn't know any spells.

Dungeon Overview and Level Annotations

Branches:
Dungeon (8/15)             Temple (1/1) D:4
   Lair: D:8-11

Altars:
Ashenzari
Cheibriados
Dithmenos
Elyvilon
Fedhas
Gozag
Kikubaaqudgha
Makhleb
Okawaru
Qazlal
Sif Muna
Trog
Ukayaw
Vehumet
Xom
Yredelemnul
Zin

Shops:
D:6 =


Innate Abilities, Weirdness & Mutations

You are small and have problems with some larger weapons.
You are somewhat resistant to further mutation.


Message History

You barely miss the gnoll.
The gnoll is severely wounded.
The gnoll completely misses you. The gnoll sergeant barely misses you.
The gnoll completely misses you.
You hit the gnoll.
You kill the gnoll!
You can now pass through a line of other dancers.
The gnoll hits you but does no damage.
The gnoll sergeant hits you with a trident of flaming.
The gnoll sergeant burns you.
The gnoll hits you from afar with a spear.
* * * LOW HITPOINT WARNING * * *
You take 12 damage, and have 14/65 hp.
You hit the gnoll sergeant but do no damage.
The gnoll misses you. The gnoll sergeant closely misses you.
The gnoll hits you but does no damage.
The gnoll sergeant hits you from afar with a trident of flaming!
* * * LOW HITPOINT WARNING * * *
The gnoll sergeant burns you.
You die...

#(.....#...### #
#......#.....#####
##.###...#........
##.###.#.#########
#.......>.###
#...........###### ##
#.........#....... #.
#.........####....
######.###@........# #....
.......gg..........####....
###....g##.................
#.....###############....
#.....# ##### #######


You could see a gnoll sergeant and 2 gnolls.

Vanquished Creatures
  Maurice (D:8)
  Sigmund (D:2)
  2 orc warriors
  An ice beast (D:8)
  A phantom (D:8)
  A necrophage (D:5)
  A sky beast (D:8)
  A wasp (D:8)
  A centaur (D:5)
  An ogre (D:5)
  4 giant frogs
  4 scorpions
  5 wights
  3 howler monkeys
  A crimson imp (D:5)
  A centaur zombie (D:8)
  2 giant frog zombies (D:5)
  2 orc priests
  A hound (D:4)
  2 jellies
  A gnoll shaman (D:7)
  3 orc wizards
  7 worker ants
  5 gnolls
  4 adders
  3 shadow imps
  2 oozes
  An adder skeleton (D:4)
  A worm (D:4)
  2 dart slugs (D:1)
  6 giant geckos
  23 orcs
  3 ball pythons
  4 giant cockroaches
  12 goblins
  6 hobgoblins
  19 jackals
  4 quokkas
  7 bats
  4 giant newts
  4 kobolds
  2 quokka skeletons (D:4)
  10 rats
169 creatures vanquished.

Notes
Turn   | Place    | Note
--------------------------------------------------------------
     0 | D:1      | namelastname112 the Halfling Assassin began the quest for the Orb.
     0 | D:1      | Reached XP level 1. HP: 14/14 MP: 1/1
   300 | D:1      | Reached skill level 1 in Armour
   300 | D:1      | Reached XP level 2. HP: 19/19 MP: 2/2
   490 | D:1      | Reached XP level 3. HP: 18/24 MP: 3/3
   713 | D:2      | Found a stormy altar of Qazlal.
   841 | D:2      | Found a faded altar to an unknown god.
   854 | D:2      | Found an opulent altar of Gozag.
   892 | D:2      | Noticed Sigmund
   900 | D:2      | Killed Sigmund
   900 | D:2      | Reached skill level 5 in Stealth
   900 | D:2      | Reached XP level 4. HP: 30/30 MP: 4/4
   900 | D:2      | Reached XP level 5. HP: 35/35 MP: 5/5
   900 | D:2      | Reached XP level 6. HP: 41/41 MP: 6/6
   907 | D:2      | Found a white marble altar of Elyvilon.
  1031 | D:2      | Found a deep blue altar of Sif Muna.
  1441 | D:3      | Found an ancient bone altar of Kikubaaqudgha.
  1889 | D:3      | epen: когда в последний раз в айзека играл?
  1895 | D:3      | namelastname112: давно пиздец
  2045 | D:4      | Reached XP level 7. HP: 16/45 MP: 7/7
  2855 | D:4      | Found a shadowy altar of Dithmenos.
  3135 | D:4      | Found a staircase to the Ecumenical Temple.
  3171 | Temple   | Entered the Ecumenical Temple
  3573 | D:5      | Entered Level 5 of the Dungeon
  4003 | D:5      | Reached XP level 8. HP: 49/52 MP: 8/8
  4086 | D:5      | Reached skill level 5 in Short Blades
  5079 | D:6      | Found Aqax Roq's Jewellery Shoppe.
  5290 | D:5      | Reached skill level 5 in Throwing
  5506 | D:5      | epen: https://www.youtube.com/watch?v=OWFBqiUgspg
  5541 | D:5      | epen: а ну-ка Имя
  5541 | D:5      | epen: Лучший трек у савлоников
  5541 | D:5      | namelastname112: лол
  5541 | D:5      | namelastname112: драйвер
  5630 | D:6      | Reached XP level 9. HP: 21/55 MP: 9/9
  5640 | D:6      | HP: 1/55 [orc wizard/puff of flame (4)]
  5641 | D:6      | epen: почему не элетро гипси?
  5644 | D:6      | xeno23: vvvv
  5646 | D:6      | xeno23: 1 [g
  5647 | D:6      | xeno23: 1 хп
  5655 | D:6      | Reached skill level 5 in Dodging
  5972 | D:6      | namelastname112: привет ксено
  5972 | D:6      | namelastname112: кот твой живой?
  5978 | D:6      | xeno23: хай
  6032 | D:6      | xeno23: да
  6032 | D:6      | xeno23: и даже стрик не проебан еще
  6113 | D:6      | Found a hide-covered altar to Ukayaw.
  6114 | D:6      | Found a shattered altar of Ashenzari.
  6115 | D:6      | xeno23: у меня там уже статуя 5%
  6119 | D:6      | Became a worshipper of Ukayaw the Reveler
  6157 | D:6      | namelastname112: ну считай победил
  6157 | D:6      | xeno23: я же говорил что FeCK изи комба
  6157 | D:6      | namelastname112: лол
  6161 | D:6      | Reached * piety under Ukayaw
  6165 | D:6      | Reached ** piety under Ukayaw
  6307 | D:7      | Found a bloodstained altar of Trog.
  6415 | D:7      | namelastname112: feck изи если тебя на втором этаже ксом не ваншотает
  6415 | D:7      | namelastname112: тогда изи, да
  6588 | D:7      | Found a glowing silver altar of Zin.
  6613 | D:7      | xeno23: была кстати подобная хуйня
  6735 | D:7      | xeno23: табаю я кобольдов с фуллхп
  6788 | D:7      | xeno23: и тут появляется 2 орбы элека и просто ваншотают меня нахуй
  6806 | D:6      | Reached skill level 1 in Invocations
  6942 | D:6      | xeno23: xom thinks it's hilarius
  7013 | D:6      | namelastname112: лол
  7013 | D:6      | namelastname112: не
  7013 | D:6      | namelastname112: а меня тупо ваншотал
  7013 | D:6      | namelastname112: просто дамаг в меня вливал
  7013 | D:6      | namelastname112: без всяких орбов
  7017 | D:7      | xeno23: ну он может огнем там ебнуть
  7034 | D:7      | Reached *** piety under Ukayaw
  7363 | D:7      | xeno23: вообще, мне повезло
  7442 | D:7      | xeno23: я книжку со статуей на д2 нашел
  7882 | D:8      | Reached skill level 5 in Armour
  7885 | D:8      | Found a snail-covered altar of Cheibriados.
  7959 | D:8      | xeno23: бля, темно-красный дрэйн
  7970 | D:8      | HP: 2/58 [wasp (2)]
  7972 | D:8      | namelastname112: пиздец
  7972 | D:8      | xeno23: тут всё однако
  7972 | D:8      | namelastname112: халфлинги такое дно блять
  7980 | D:8      | Reached **** piety under Ukayaw
  8252 | D:8      | xeno23: осы это пиздец просто
  8281 | D:8      | Noticed Maurice
  8300 | D:8      | Killed Maurice
  8402 | D:8      | Reached XP level 10. HP: 54/65 MP: 13/13
  8575 | D:8      | HP: 2/65 [gnoll sergeant/trident of flaming (12)]
  8575 | D:8      | Slain by a gnoll sergeant

Vault maps used:
D:1:      dpeg_arrival_concentric_ovals, minmay_misc_feat_square
D:2:      grunt_gozag_statues, nicolae_qazlal_eye_of_the_storm,
          lemuel_blue_sif_altar, overflow_temple_1_default, ecumenical_altar_1,
          uniq_sigmund
D:3:      lemuel_doored_altar, minmay_statues_item
D:4:      minmay_temple_entry_grid, first_bread, grunt_dithmenos_shadows
D:6:      gammafunk_temple_overflow_statue, serial_shops, shop
D:7:      old_standard_altar, basic_altar
D:8:      old_standard_altar, nemelex_deck, kennysheep_mini,
          lemuel_crystal_altar, uniq_maurice
Temple:   temple_island_7

Skill      XL: |  1  2  3  4  5  6  7  8  9 |
---------------+----------------------------+-----
Armour         | 1 2 3 4 5 |  5.4
Fighting       | 2 3 4 |  4.7
Short Blades   | 3 4 5 7 |  7.2
Throwing       | 3 4 5 |  5.9
Dodging        | 2 3 4 5 |  5.7
Stealth        | 5 6 7 |  7.5
Invocations    | 4 |  4.2

Action                   |  1- 3 |  4- 6 |  7- 9 | 10-12 || total
-------------------------+-------+-------+-------+-------++-------
Melee: Dagger            |    96 |   162 |   490 |       ||   748
       Short sword       |       |       |   163 |    28 ||   191
 Fire: Blowgun           |       |     1 |    18 |     7 ||    26
  Use: Scroll            |       |     9 |       |       ||     9
       Potion            |       |     1 |     5 |       ||     6
 Stab: Sleeping          |     7 |     9 |    17 |     1 ||    34
       Distracted        |       |     3 |       |       ||     3
       Paralysed         |       |       |     6 |       ||     6
       Invisible         |       |       |     4 |       ||     4
  Eat: Chunk             |       |     3 |     9 |       ||    12
       Royal jelly       |       |       |     1 |       ||     1
       Meat ration       |       |       |     2 |       ||     2
Armor: Robe              |    26 |    27 |       |       ||    53
       Leather armour    |       |    11 |   176 |     8 ||   195
Dodge: Dodged            |    88 |   118 |   500 |    25 ||   731
